Map: Prion Terraces

Players

Sabotage

  • Race: Zerg Zerg
  • League: Platinum

Chris (MCanning) - Winner!

  • Race: Protoss Protoss
  • League: Diamond

VOD

Have the link to the VOD?

Description

Time

  • Played on: Nov. 11, 2015, 2:08 a.m.
  • Length: 12:04
Show
View Real Time Build Order
Export as new Build Order

Sabotage Zerg 

Build Orders: 3 Hatch before Pool 

Get SALT Encoding   

  12  0:01  Drone  
  13  0:14  Overlord  
  13  0:19  Drone  
  14  0:26  Extractor  
  14  0:27  Extractor  
  14  0:28  Drone x2  
  16  0:36  Drone  
  17  0:54  Hatchery  
  17  0:56  Drone  
  17  1:00  Drone  
  18  1:21  Hatchery  
  17  1:34  Spawning Pool  
  17  1:37  Drone  
  17  1:41  Drone  
  18  1:49  Drone x2  
  20  2:07  Drone x2  
  22  2:09  Overlord  
  22  2:17  Drone  
  22  2:22  Drone  
  24  2:25  Queen x2  
  28  2:35  Drone x2  
  28  2:36  Queen  
  30  2:41  Overlord  
  32  2:44  Drone x2  
  32  2:49  Drone  
  35  2:52  Zergling x2  
  35  2:53  Zergling x2  
  37  3:01  Queen  
  37  3:05  Queen  
  41  3:23  Drone x8  
  41  3:26  Drone  
  50  3:46  Overlord x4  
  50  3:47  Overlord x4  
  50  3:56  Extractor  
  50  3:57  Extractor x2  
  50  3:59  Extractor x3  
  50  4:00  Roach Warren  
  43  4:10  Drone x3  
  43  4:11  Drone  
  43  4:12  Drone  
  43  4:14  Drone x2  
  43  4:15  Drone  
  43  4:16  Drone  
  43  4:17  Drone x3  
  54  4:19  Drone x2  
  57  4:30  Drone  
  57  4:31  Overlord  
  58  4:32  Drone x5  
  63  4:50  Lair  
  63  4:52  Metabolic Boost  
  63  4:55  Roach x5  
  73  5:06  Overlord x2  
  73  5:25  Drone x8  
  81  5:29  Roach x8  
  97  5:36  Ravager  
  97  5:40  Ravager x3  
  97  5:42  Roach x2  
  109  5:43  Roach x2  
  109  5:47  Glial Reconstitution  
  109  5:53  Spore Crawler  
  109  5:54  Zergling x12  
  114  6:03  Roach x3  
  114  6:04  Roach x2  
  124  6:06  Ravager x4  
  124  6:08  Overlord  
  128  6:20  Zergling x14  
  135  6:27  Overseer  
  125  6:45  Roach x11  
  140  6:58  Zergling x2  
  140  6:59  Zergling x4  
  129  7:13  Zergling x2  
  129  7:14  Zergling x8  
  123  7:23  Zergling x6  
  122  7:38  Zergling x6  
  122  7:39  Zergling x16  
  131  7:51  Ravager  
  131  7:52  Ravager x6  
  131  7:53  Overlord x4  
  138  8:00  Overseer  
  118  8:19  Roach x6  
  108  8:20  Roach  
  100  8:35  Roach  
  100  8:36  Roach x8  
  100  8:41  Hatchery  
  117  8:54  Extractor  
  117  8:55  Roach x5  
  122  8:56  Extractor  
  122  9:01  Roach x10  
  141  9:08  Spire  
  139  9:31  Hatchery  
  139  9:37  Drone x5  
  143  9:40  Drone  
  143  9:41  Drone x9  
  153  9:48  Overlord x3  
  153  10:04  Queen  
  155  10:07  Extractor  
  155  10:08  Spore Crawler, Spine Crawler  
  155  10:09  Spine Crawler, Extractor  
  155  10:10  Spine Crawler  
  155  10:11  Spine Crawler  
  148  10:24  Mutalisk x4  
  148  10:25  Mutalisk x13  
  182  10:31  Overseer x2  
  182  10:32  Overseer  
  182  10:33  Overseer  
  125  11:31  Zergling x28  
  125  11:32  Zergling x2  
  99  11:40  Zergling x2  
  99  11:41  Zergling x4  
Show
View Real Time Build Order
Export as new Build Order

Chris Protoss - Winner!

Build Orders:  

Get SALT Encoding   

  12  0:01  Probe (Chrono Boost)  
  13  0:12  Probe (Chrono Boost)  
  14  0:20  Pylon  
  14  0:22  Probe (Chrono Boost)  
  15  0:39  Probe (Chrono Boost)  
  16  0:49  Probe (Chrono Boost)  
  17  1:01  Probe (Chrono Boost)  
  18  1:07  Nexus  
  18  1:15  Gateway  
  18  1:17  Probe (Chrono Boost)  
  19  1:26  Assimilator  
  19  1:28  Probe (Chrono Boost)  
  19  1:31  Assimilator  
  20  1:38  Probe (Chrono Boost)  
  21  1:40  Pylon  
  21  1:49  Probe (Chrono Boost)  
  22  1:59  Probe (Chrono Boost)  
  23  2:04  Cybernetics Core  
  23  2:05  Zealot  
  25  2:10  Probe (Chrono Boost)  
  26  2:20  Probe x2 (Chrono Boost)  
  28  2:31  Probe x2 (Chrono Boost)  
  30  2:40  Stalker  
  30  2:41  Probe x2 (Chrono Boost)  
  30  2:42  Warp Gate (Chrono Boost)  
  34  2:52  Mothership Core (Chrono Boost), Probe (Chrono Boost)  
  34  2:55  Pylon  
  37  3:02  Probe (Chrono Boost)  
  38  3:07  Pylon  
  38  3:10  Probe (Chrono Boost)  
  39  3:13  Probe (Chrono Boost)  
  40  3:21  Probe (Chrono Boost)  
  40  3:23  Probe (Chrono Boost)  
  40  3:24  Sentry  
  44  3:27  Gateway  
  44  3:31  Probe (Chrono Boost)  
  46  3:34  Probe (Chrono Boost)  
  46  3:42  Probe (Chrono Boost)  
  46  3:43  Nexus  
  46  3:47  Probe (Chrono Boost)  
  46  3:48  Pylon  
  48  3:50  Sentry  
  48  3:52  Probe (Chrono Boost)  
  51  3:56  Probe (Chrono Boost)  
  51  3:57  Gateway  
  51  4:02  Pylon  
  52  4:04  Probe  
  52  4:06  Pylon  
  52  4:07  Probe  
  54  4:16  Probe  
  55  4:20  Probe  
  55  4:23  Assimilator  
  56  4:27  Assimilator  
  56  4:28  Probe (Chrono Boost)  
  57  4:31  Probe (Chrono Boost)  
  57  4:32  Robotics Facility  
  58  4:39  Pylon  
  58  4:40  Probe (Chrono Boost)  
  58  4:45  Forge  
  59  4:48  Probe (Chrono Boost), Pylon  
  60  4:58  Probe (Chrono Boost)  
  61  5:01  Probe (Chrono Boost)  
  61  5:04  Probe (Chrono Boost)  
  61  5:06  Protoss Ground Weapons Level 1  
  63  5:09  Gateway, Probe (Chrono Boost)  
  63  5:11  Gateway  
  63  5:13  Twilight Council  
  63  5:14  Gateway  
  64  5:16  Probe (Chrono Boost)  
  64  5:19  Photon Cannon  
  65  5:22  Observer (Chrono Boost)  
  65  5:25  Photon Cannon  
  65  5:27  Sentry  
  68  5:29  Probe  
  68  5:31  Probe  
  70  5:41  Observer (Chrono Boost), Blink (Chrono Boost)  
  71  5:45  Gateway  
  71  5:47  Gateway, Robotics Bay  
  71  5:51  Stalker, Gateway  
  71  5:53  Pylon  
  71  5:57  Stalker x2  
  77  6:01  Observer (Chrono Boost)  
  77  6:02  Probe  
  79  6:05  Probe  
  80  6:11  Zealot  
  80  6:13  Zealot  
  80  6:17  Assimilator  
  84  6:19  Assimilator  
  84  6:22  Pylon  
  84  6:24  Stalker x4  
  92  6:30  Pylon  
  92  6:36  Stalker x2  
  92  6:37  Disruptor (Chrono Boost)  
  98  6:47  Stalker x2  
  98  6:51  Stalker, Zealot  
  102  6:54  Pylon  
  90  7:07  Probe  
  76  7:15  Disruptor (Chrono Boost)  
  73  7:23  Stalker  
  73  7:24  Stalker x2, Zealot  
  73  7:25  Zealot x3  
  77  7:46  Mothership Core (Chrono Boost), Disruptor (Chrono Boost)  
  79  8:00  Zealot x5  
  79  8:01  Zealot x2  
  93  8:08  Probe  
  94  8:24  Zealot x2  
  94  8:32  Cybernetics Core  
  94  8:46  Gateway  
  94  8:47  Dark Shrine  
  94  8:48  Nexus  
  94  8:49  Pylon  
  94  8:51  Pylon  
  94  9:04  Disruptor (Chrono Boost)  
  94  9:07  Probe  
  94  9:09  Stalker x2  
  102  9:10  Stalker x3  
  102  9:12  Protoss Ground Weapons Level 2  
  108  9:23  Pylon  
  108  9:30  Probe  
  109  9:35  Probe  
  110  9:38  Pylon  
  110  9:39  Pylon  
  110  9:42  Stalker  
  110  9:43  Stalker  
  114  9:51  Disruptor (Chrono Boost)  
  117  9:59  Dark Templar  
  119  10:00  Dark Templar  
  119  10:04  Dark Templar  
  123  10:09  Probe  
  123  10:12  Probe  
  125  10:17  Stalker x2  
  125  10:20  Probe  
  129  10:27  Disruptor (Chrono Boost)  
  133  10:40  Dark Templar, Zealot x3  
  133  10:41  Zealot x2  
  145  10:44  Probe  
  145  10:49  Probe  
  147  10:53  Photon Cannon  
  147  10:59  Warp Prism (Chrono Boost)  
  135  11:18  Stalker x6  
  139  11:19  Stalker  
  110  11:46  Probe  
Tags
 
Add a new tag
Caveats
  • Supply blocks, unpowered buildings, or Contaminate may cause inaccurate times.
  • Supply counts are checked every 10 seconds.